 Dungeon Crawl Stone Soup version 0.18-a0-1147-g8e8348b (webtiles) character file.

126 namelastname112 the Ruffian (level 4, 0/38 HPs)
             Began as a Draconian Chaos Knight on Jan 23, 2016.
             Shot with a stone by a goblin (3 damage)
             ... on level 3 of the Dungeon.
             The game lasted 00:03:56 (2425 turns).

namelastname112 the Ruffian (DrCK)                  Turns: 2425, Time: 00:03:57

Health: 0/38       AC:  5    Str: 14    XL:     4   Next: 84%
Magic:  4/4        EV: 12    Int: 12    God:    Xom [..*...]
Gold:   127        SH:  0    Dex: 12    Spells: 0 memorised, 3 levels left

rFire  . . .     SeeInvis .     k - +2 dagger (venom)
rCold  . . .     Gourm    .     (armour unavailable)
rNeg   . . .     Faith    .     (no shield)
rPois  .         Spirit   .     (helmet restricted)
rElec  .         Dismiss  .     (no cloak)
rCorr  .         Reflect  .     (no gloves)
SustAt .         Harm     .     (no boots)
MR     .....                    (no amulet)
Stlth  +.........               (no ring)
                                (no ring)

@: starving, not resistant to hostile enchantments, very unstealthy
A: unfitting armour, cold-blooded, AC +5
a: Renounce Religion


You were on level 3 of the Dungeon.
You worshipped Xom.
You were a toy of Xom.
You were starving.

You visited 1 branch of the dungeon, and saw 3 of its levels.

You collected 127 gold pieces.

Inventory:

Hand Weapons
 k - a +2 dagger of venom (weapon)
Wands
 o - a wand of random effects (35/48)
Scrolls
 c - a scroll of amnesia {unknown}
 f - 3 scrolls of identify {unknown}
 i - a scroll of remove curse {unknown}
 l - a scroll of recharging {unknown}
Potions
 e - 3 potions of curing
 h - a potion of brilliance
Comestibles
 a - 2 bread rations
 g - a beef jerky
 m - a slice of pizza


   Skills:
 - Level 3.2 Fighting
 - Level 2.1 Dodging
 * Level 5.6 Unarmed Combat


You had 3 spell levels left.
You didn't know any spells.

Dungeon Overview and Level Annotations

Branches:
Dungeon (3/15)

Altars:
Gozag
Xom

Annotations:
D:3 derval's ghost, amateur MfSk


Innate Abilities, Weirdness & Mutations

Your plain brown scales are hard (AC +5).
Your body does not fit into most forms of armour.
You are cold-blooded and may be slowed by cold attacks.


Message History

You hit the worm.
The worm is poisoned.
Your tail-slap misses the worm.
The worm is lightly wounded.
Derval's ghost hits you!
You barely miss the worm. You tail-slap the worm.
The worm is moderately wounded.
Derval's ghost hits you but does no damage.
The worm bites you!
* * * LOW HITPOINT WARNING * * *
A goblin comes into view. It is wielding a dagger.
You see here a jackal skeleton.
The goblin shouts!
The goblin unwields an uncursed dagger.
The goblin wields a hunting sling.
The goblin shoots a stone.
The stone hits you.
* * * LOW HITPOINT WARNING * * *
There is an open door here.
You see here a stone.
You are starving!
The goblin shoots a stone.
The stone hits you.
You die...
Xom guffaws!

. ..+.....
.####.#.... .....#...
### #......# #.#
#......+ #.##
#......#######. #...
.####o..รท..........
####
.......w#W#.#####.r
........#@#....# ####
........#<####.# #...
........#g#
#.########.##
.......##.#
#.#<.....)... .......
#.####.#.#####...#
.......
#.)..#.#.#........
.......
####.#>#.#.)...#..
...
#####.#.#.###...###
....+...#.#.#.......#


You could see derval's ghost and a goblin.

Vanquished Creatures
  Jessica (D:2)
  2 adders (D:2)
  2 worms (D:2)
  3 giant geckos
  An orc (D:3)
  3 ball pythons
  9 bats
  3 giant cockroaches (D:2)
  10 goblins
  11 hobgoblins
  3 jackals (D:3)
  10 kobolds
  A quokka (D:3)
  A giant newt (D:3)
  6 rats
  2 butterflies (D:3)
68 creatures vanquished.

Notes
Turn   | Place    | Note
--------------------------------------------------------------
     0 | D:1      | namelastname112 the Draconian Chaos Knight began the quest for the Orb.
     0 | D:1      | Reached XP level 1. HP: 19/19 MP: 1/1
   141 | D:1      | Reached XP level 2. HP: 16/26 MP: 2/2
   144 | D:1      | XOM: harmless Pois miscast
   155 | D:1      | XOM: silly message
   506 | D:1      | XOM: enchant monster (good)
   512 | D:1      | Reached skill level 4 in Unarmed Combat
   759 | D:1      | Reached XP level 3. HP: 28/31 MP: 3/3
   923 | D:2      | Found an opulent altar of Gozag.
  1236 | D:2      | Reached XP level 4. HP: 38/38 MP: 4/4
  1238 | D:2      | XOM: harmless Conj miscast
  1276 | D:2      | Reached skill level 5 in Unarmed Combat
  1371 | D:2      | Noticed Jessica
  1372 | D:2      | XOM: confusion (+ monsters)
  1373 | D:2      | XOM: chaos cloud
  1377 | D:2      | XOM: confuse monster(s)
  1383 | D:2      | Killed Jessica
  1871 | D:3      | XOM: divination: detect creatures
  1948 | D:3      | Found a shimmering altar of Xom.
  1956 | D:3      | XOM: smoke on damage
  1987 | D:3      | XOM is BORED!
  1987 | D:3      | XOM: summons 1 hostile demon
  2022 | D:3      | Noticed derval's ghost (amateur MfSk)
  2037 | D:3      | XOM: noise
  2039 | D:3      | XOM: enchant monster (bad)
  2194 | D:2      | XOM: divination: detect creatures
  2375 | D:2      | XOM: harmless Fire miscast
  2425 | D:3      | Shot with a stone by a goblin

Vault maps used:
D:1:      minmay_arrival_semitransparent, serial_glass, glass_columns_a,
          glass_columns_a, minmay_ruptured
D:2:      grunt_gozag_breadcrumbs, uniq_jessica
D:3:      xom_butterflies, lemuel_round_altar

Action                   |  1- 3 |  4- 6 || total
-------------------------+-------+-------++-------
Melee: Unarmed           |    90 |       ||    90
       Dagger            |    51 |    81 ||   132
Evoke: Wand              |       |     1 ||     1
  Use: Potion            |       |     5 ||     5
 Stab: Sleeping          |       |     1 ||     1
  Eat: Chunk             |       |     3 ||     3
